 Dungeon Crawl Stone Soup version 0.31.0-11-ge490571c62 (webtiles) character file.

Game seed: 14327056948235141107

884 440024613 the Chopper (level 7, -5/57 HPs)
             Began as a Minotaur Berserker on Jan 29, 2024.
             Was a Believer of Trog.
             Slain by an ogre
             ... wielding a +0 giant spiked club
              (20 damage)
             ... on level 5 of the Dungeon.
             The game lasted 00:55:45 (11991 turns).

440024613 the Chopper (Minotaur Berserker)         Turns: 11991, Time: 00:55:46

Health: -5/57      AC: 10    Str: 23 (24) XL:     7   Next: 76%
Magic:  6/6        EV:  9    Int:  3 (4)  God:    Trog [**....]
Gold:   184        SH:  5    Dex: 15      Spells: 6/6 levels left

rFire   . . .        o - +7 Throatcutter {drain, coup de grace}
rCold   + . .        (no shield)
rNeg    . . .        n - +0 chain mail
rPois   .            (helmet restricted)
rElec   .            f - +0 cloak
rCorr   .            (no gloves)
SInv    .            (no boots)
Will    .....        m - amulet of reflection Stlth
                     b - ring of protection from cold
HPRegen 0.29/turn    l - +6 ring of dexterity
MPRegen 0.10/turn

%: random rage (3%), reflection
@: on berserk cooldown, slowed, very slow
A: horns 2, retaliatory headbutt, hooves 1, berserk 1
a: Renounce Religion, Berserk, Trog's Hand


You were on level 5 of the Dungeon.
You worshipped Trog.
Trog was pleased with you.
You visited 1 branch of the dungeon, and saw 5 of its levels.

You collected 184 gold pieces.

Inventory:

Hand Weapons
 a - a +1 hand axe
 o - the +7 Throatcutter (weapon) {drain, coup de grace}
   (You found it on level 3 of the Dungeon)
Missiles
 d - a poisoned dart (quivered)
 j - 37 stones
Armour
 f - a +0 cloak (worn)
 n - a +0 chain mail (worn)
Jewellery
 b - a ring of protection from cold (left hand)
 e - an amulet of regeneration
 l - a +6 ring of dexterity (right hand)
 m - an amulet of reflection (around neck)
 q - a ring of poison resistance
Scrolls
 g - a scroll of identify
 h - 3 scrolls of silence
 i - a scroll of butterflies
 k - 6 scrolls of teleportation
 p - a scroll of enchant weapon
Potions
 c - a potion of degeneration
 r - a potion of haste


   Skills:
 - Level 3.6 Fighting
 * Level 7.2 Long Blades
 - Level 7.9 Axes
 - Level 1.6 Throwing
 - Level 3.0 Armour
 - Level 2.1 Dodging


You had 6 spell levels left.
You didn't know any spells.
Your spell library contained the following spells:

 Spells                   Type           Power      Damage    Failure   Level
 Cigotuvi's Dreadful Rot  Necr/Alch/Air  0%         N/A       99%         2
 Jinxbite                 Hex            0%         N/A       99%         2
 Ignite Poison            Fire/Alch      0%         N/A       100%        4
 Freezing Cloud           Conj/Ice/Air   0%         6-21      100%        5
 Yara's Violent Unravell  Hex/Alch       0%         3d3       100%        5
 Enfeeble                 Hex            0%         N/A       100%        7


Dungeon Overview and Level Annotations

Branches:
Dungeon (5/15)             Temple (0/1) D:4

Altars:


Innate Abilities, Weirdness & Mutations

You have a pair of horns on your head.
You reflexively headbutt those who attack you in melee.
You have large cloven feet.
You sometimes lose your temper in combat.


Message History

The orc hits you with a +0 club.
You slice the orc priest!!
You kill the orc priest!
Trog accepts your kill. The liquid fire burns you!
You shake off some of the fire as you move.
The liquid fire burns you! The orc barely misses you.
Things that are here:
a +0 short sword; an orc corpse You shake off some of the fire as you move.
You feel a strong urge to attack something.
The liquid fire burns you! The orc hits you with a +0 club.
Things that are here:
a +0 dagger; a +0 robe You barely miss the orc.
You headbutt the orc!
You kill the orc!
Trog accepts your kill. The liquid fire burns you!
* * * LOW HITPOINT WARNING * * *
You shake off the liquid fire.
Things that are here:
a +0 short sword; an orc corpse You feel a strong urge to attack something.
You are no longer berserk.
You are exhausted.
You feel yourself slow down.
An ogre comes into view. It is wielding a +0 giant spiked club.
The ogre shouts!
Found a stone staircase leading up.
Found a stone staircase leading down.
The ogre hits you with a +0 giant spiked club.
* * * LOW HITPOINT WARNING * * *
You completely miss the ogre. The ogre hits you but does no damage.
You slash the ogre! You kick the ogre.
The ogre is heavily wounded.
The ogre closely misses you. You furiously retaliate!
You headbutt the ogre!
The ogre hits you with a +0 giant spiked club!!
You die...

...........# ..
#..........# #.#
#..........# #.# .
#..........# #.# .#
#####...)).####.#####.##
# #...(†.))............>
# #...#####.............
# #...# #......O...... #
#..># #.....@....... #
#..B# #.............
#...# #.............
#...# #...[.........
#...# #.............
#...........<.
#.............
#.............
###.####..###.


You could see an ogre.

Vanquished Creatures
  Menkaure (D:4)
  A kobold brigand (D:3)
  A scorpion (D:5)
  A howler monkey (D:4)
  A bombardier beetle (D:5)
  3 hounds
  2 orc priests (D:5)
  A jelly (D:5)
  Jessica (D:3)
  An iguana (D:4)
  2 orc wizards (D:5)
  Robin (D:3)
  3 gnolls (D:4)
  12 adders
  3 river rats (D:3)
  A shadow imp (D:5)
  A dart slug (D:3)
  3 ribbon worms
  6 orcs
  9 ball pythons
  7 endoplasms
  3 giant cockroaches
  15 goblins
  10 hobgoblins
  2 quokkas
  2 bats
  A frilled lizard (D:2)
  15 kobolds
  8 rats
117 creatures vanquished.

Notes
Turn   | Place    | Note
-------+----------+-------------------------------------------
     0 | D:1      | 440024613 the Minotaur Berserker began the quest for the
                  | Orb.
     0 | D:1      | Reached XP level 1. HP: 19/19 MP: 0/0
   289 | D:1      | Found a faded altar of an unknown god.
   529 | D:1      | Reached XP level 2. HP: 26/26 MP: 1/1
  1479 | D:2      | Reached skill level 5 in Axes
  1479 | D:2      | Reached XP level 3. HP: 31/31 MP: 2/2
  1575 | D:2      | Reached ** piety under Trog
  1855 | D:2      | Reached XP level 4. HP: 39/39 MP: 3/3
  2786 | D:3      | Noticed Jessica
  2791 | D:3      | Killed Jessica
  2792 | D:3      | Reached XP level 5. HP: 45/45 MP: 4/4
  2979 | D:3      | Found the +7 Throatcutter {drain, coup de grace}
  3225 | D:3      | Noticed Robin
  3237 | D:3      | Reached skill level 1 in Long Blades
  3238 | D:3      | Reached *** piety under Trog
  3240 | D:3      | Killed Robin
  3241 | D:3      | Reached XP level 6. HP: 49/51 MP: 5/5
  9536 | D:4      | Found a staircase to the Ecumenical Temple.
  9551 | D:4      | Noticed Menkaure
  9574 | D:4      | Killed Menkaure
  9575 | D:4      | Reached skill level 1 in Throwing
  9862 | D:4      | Reached XP level 7. HP: 57/57 MP: 6/6
 10686 | D:5      | Entered Level 5 of the Dungeon
 11663 | D:5      | Reached skill level 5 in Long Blades
 11737 | D:5      | Gained mutation: You sometimes lose your temper in combat.
                  | [potion of mutation]
 11737 | D:5      | Gained mutation: You have large cloven feet. [potion of
                  | mutation]
 11991 | D:5      | Slain by an ogre

Illustrated notes

Levels and vault maps discovered:
D:1:      tarquinn_simple_flora_water_f, layout_loops_ring,
          chequers_ecumenical_altar_island
D:2:      layout_loops_ring, minmay_misc_feat_plants
D:3:      layout_loops_corners, portal_sewer_entry_b,
          dilly_guarded_unrand_throatcut, uniq_robin, uniq_jessica
D:4:      layout_basic, minmay_temple_entry_trees, eino_tiny_chamber,
          uniq_menkaure
D:5:      layout_basic, serial_shops, nicolae_square_shop, serial_bayou_pond_e,
          minmay_between

Skill      XL: |  1  2  3  4  5  6  7 |
---------------+----------------------+-----
Axes           | 4 5 6 7 |  7.9
Long Blades    | 1 4 7 |  7.2
Armour         | 3 |  3.0
Throwing       | 1 |  1.6
Fighting       | |  3.6
Dodging        | |  2.1

Action                     |  1- 3 |  4- 6 |  7- 9 || total
---------------------------+-------+-------+-------++-------
  Melee: Hand axe          |    64 |    48 |       ||   112
         Headbutt          |     6 |    13 |     3 ||    22
         Long sword        |       |    63 |    46 ||   109
         Kick              |       |       |     2 ||     2
  Throw: Stone             |     3 |       |       ||     3
         Dart              |       |     5 |     1 ||     6
 Invoke: Berserk           |       |     4 |     2 ||     6
    Use: Potion            |     6 |     3 |     1 ||    10
         Scroll            |     3 |     3 |     2 ||     8
 Armour: Ring mail         |    11 |       |       ||    11
         Animal skin       |     1 |       |       ||     1
         Chain mail        |    29 |    67 |    39 ||   135
  Dodge: Dodged            |    28 |    47 |    18 ||    93
  Block: Other             |       |       |    10 ||    10
